 Dungeon Crawl Stone Soup version 0.18.1-8-gdd0e5ea (webtiles) character file.

4619 Liquid the Archer (level 10, 0/69 HPs)
             Began as a High Elf Hunter on June 8, 2016.
             Was a Follower of Fedhas.
             Killed by vampiric draining
             ... invoked by a vampire
              (17 damage)
             ... on level 9 of the Dungeon.
             The game lasted 00:27:16 (9193 turns).

Liquid the Archer (High Elf Hunter)                 Turns: 9193, Time: 00:27:16

Health: 0/69       AC:  9    Str: 18    XL:     10   Next: 19%
Magic:  14/14      EV: 15    Int: 16    God:    Fedhas [*.....]
Gold:   464        SH:  0    Dex: 19    Spells: 0 memorised, 9 levels left

rFire  . . .     SeeInvis .     a - +2 shortbow
rCold  . . .     Gourm    .     u - +0 scale mail "Nufekkebb" {Str+2}
rNeg   . . .     Faith    .     (shield currently unavailable)
rPois  .         Spirit   .     (no helmet)
rElec  .         Dismiss  .     (no cloak)
rCorr  +         Reflect  .     (no gloves)
SustAt .         Harm     +     k - +2 pair of boots
MR     +....                    s - amulet of harm
Stlth  ++........               (no ring)
                                i - ring of resist corrosion

@: mighty, somewhat resistant to hostile enchantments, unstealthy
A: no striking features
a: Evolution, Renounce Religion


You were on level 9 of the Dungeon.
You worshipped Fedhas.
Fedhas was aware of your devotion.
You were not hungry.

You visited 1 branch of the dungeon, and saw 9 of its levels.
You visited the Abyss 1 time.

You collected 464 gold pieces.

Inventory:

Hand Weapons
 a - a +2 shortbow (weapon)
 j - the +5 rapier "Baetz" {distort, rF++ Str+6}
   (You found it on level 6 of the Dungeon)

   It warps and distorts space around it.
   Unwielding it can cause banishment or high damage.
   It affects your strength (+6).
   It greatly protects you from fire.
 x - a +0 shortbow
 E - a +1 quarterstaff of speed
Missiles
 d - 31 arrows (quivered)
 y - a throwing net
Armour
 c - a +0 leather armour
 k - a +2 pair of boots (worn)
 l - a +0 ring mail
 u - the +0 scale mail "Nufekkebb" (worn) {Str+2}
   (You found it on level 6 of the Dungeon)

   It affects your strength (+2).
Jewellery
 h - an uncursed amulet of magic regeneration
 i - a ring of resist corrosion (left hand)
 s - an amulet of harm (around neck)
Wands
 v - a wand of flame (48/48)
 C - a wand of paralysis (17/24)
Scrolls
 b - a scroll of identify
 e - a scroll of recharging
 m - 3 scrolls of enchant armour
 n - 2 scrolls of enchant weapon
 q - 7 scrolls of remove curse
 D - a scroll of magic mapping
Potions
 f - a potion of brilliance {unknown}
 o - a potion of might
 r - a potion of lignification
 t - 3 potions of cure mutation
 w - a potion of cancellation {unknown}
 z - a potion of curing {unknown}
 A - a potion of degeneration {unknown}
 B - a potion of haste {unknown}
Comestibles
 g - 9 meat rations
 p - 8 fruits


   Skills:
 + Level 6.8 Fighting
 * Level 12.6 Bows
 + Level 2.7 Armour
 + Level 7.7 Dodging
 - Level 5.2 Stealth
 + Level 4.8 Invocations


You had 9 spell levels left.
You didn't know any spells.

Dungeon Overview and Level Annotations

Branches:
Dungeon (9/15)             Temple (0/1) D:7
   Lair: D:8-11         Orc: D:9-12

Altars:
Ashenzari
Elyvilon
Fedhas
Gozag
Nemelex Xobeh
Okawaru
Trog
Vehumet
Xom
Yredelemnul

Shops:
D:5 *   D:6 *

Annotations:
D:7 1 runed door


Message History

Something draws strength from your injuries!
You're too confused to move!
Something hits you but does no damage. Something bites you.
Something draws strength from your injuries!
You completely miss something.
You hear some strange, mumbled words.
Something tries to affect you, but you resist.
You're too confused to move!
Something hits you but does no damage. Something barely misses you.
You feel less confused.
Firing (i - inventory. (,) - cycle):
d - 32 arrows (quivered)
Press: ? - help, Shift-Dir - straight line You shoot an arrow.
Something hits you. Something bites you.
* * * LOW HITPOINT WARNING * * *
Something draws strength from your injuries!
Drink which item? (? for menu, Esc to quit)
You feel very mighty all of a sudden.
Unholy energy fills the air.
You die...
Fedhas appreciates your contribution to the ecosystem.

#### ##########...
###........'... #
#########...########...
#. #....(@...### #...
+.. #.######### #...
#... #.# #...
#.!..###(# #...
#(..(((.(# #...
#...(##### #... #(((
#... ### #... ##..


There were no monsters in sight!

Vanquished Creatures
  Pikel (D:4)
  The ghost of M4edhros the Covert, a novice OpAr of Fedhas (D:6)
  Joseph (D:7)
  Sigmund (D:2)
  A hungry ghost (D:7)
  Menkaure (D:4)
  Edmund (D:4)
  A sky beast (D:6)
  4 slaves
  6 ogres
  3 phantoms
  3 centaurs
  3 giant frogs
  A wyvern zombie (D:8)
  5 scorpions
  A howler monkey (D:4)
  3 crimson imps
  A jelly (D:8)
  6 hounds
  4 orc priests
  A giant frog skeleton (D:5)
  An iguana (D:4)
  6 orc wizards
  11 worker ants
  The ghost of raikaria the Changer, a weakling MfTm (D:3)
  A hound skeleton (D:8)
  8 gnolls
  12 adders
  A shadow imp (D:7)
  3 worms
  2 dart slugs
  8 giant geckos
  11 orcs
  6 bats
  8 giant cockroaches
  5 goblins
  8 hobgoblins
  3 jackals (D:4)
  6 kobolds
  3 quokkas
  6 giant newts
  A jackal skeleton (D:6)
  8 rats
168 creatures vanquished.

Vanquished Creatures (collateral kills)
  A hippogriff (D:8)
  2 worker ants (D:7)
  A giant cockroach (D:7)
  A butterfly (D:7)
5 creatures vanquished.

Vanquished Creatures (others)
  2 wandering mushrooms (D:9)
  54 toadstools
56 creatures vanquished.

Grand Total: 229 creatures vanquished

Notes
Turn   | Place    | Note
--------------------------------------------------------------
     0 | D:1      | Liquid the High Elf Hunter began the quest for the Orb.
     0 | D:1      | Reached XP level 1. HP: 14/14 MP: 2/2
   230 | D:1      | Reached XP level 2. HP: 19/19 MP: 3/3
   852 | D:2      | Reached skill level 6 in Bows
   852 | D:2      | Reached XP level 3. HP: 18/24 MP: 4/4
   999 | D:2      | Reached XP level 4. HP: 27/30 MP: 5/5
  1106 | D:2      | Noticed Sigmund
  1265 | D:3      | Noticed raikaria's ghost (weakling MfTm)
  1281 | D:3      | Killed raikaria's ghost
  1871 | D:2      | Found a white marble altar of Elyvilon.
  2019 | D:2      | Reached XP level 5. HP: 34/35 MP: 6/6
  2030 | D:2      | Killed Sigmund
  2030 | D:2      | Reached skill level 7 in Bows
  2030 | D:2      | Reached XP level 6. HP: 31/42 MP: 7/7
  2429 | D:4      | Noticed a slave
  2434 | D:4      | Noticed a slave
  2436 | D:4      | Noticed Pikel
  2448 | D:3      | Killed a slave
  2553 | D:4      | Found a sparkling altar of Nemelex Xobeh.
  2577 | D:4      | Found a radiant altar of Vehumet.
  2619 | D:4      | Noticed a slave
  2621 | D:4      | Noticed a slave
  2637 | D:4      | Killed a slave
  2640 | D:4      | Killed a slave
  3096 | D:4      | Reached skill level 8 in Bows
  3121 | D:4      | Noticed Edmund
  3122 | D:4      | Found a shimmering altar of Xom.
  3139 | D:4      | Killed Edmund
  3139 | D:4      | Reached XP level 7. HP: 9/47 MP: 8/8
  3605 | D:4      | Killed Pikel
  3605 | D:4      | Reached skill level 9 in Bows
  3605 | D:4      | Reached skill level 5 in Dodging
  3605 | D:4      | Reached XP level 8. HP: 32/54 MP: 9/9
  3775 | D:4      | Noticed Menkaure
  3783 | D:4      | Killed Menkaure
  3783 | D:4      | Reached skill level 5 in Stealth
  3954 | D:5      | Entered Level 5 of the Dungeon
  4053 | D:5      | Reached skill level 10 in Bows
  4076 | D:5      | Found an opulent altar of Gozag.
  4076 | D:5      | Found a blossoming altar of Fedhas.
  4082 | D:5      | Became a worshipper of Fedhas Madash
  4178 | D:5      | Reached skill level 5 in Fighting
  4275 | D:5      | Reached skill level 1 in Invocations
  4761 | D:5      | Found Yxipnut's Assorted Antiques.
  5449 | D:6      | Found a shattered altar of Ashenzari.
  5502 | D:6      | Reached XP level 9. HP: 34/61 MP: 11/11
  5518 | D:5      | Reached skill level 11 in Bows
  5759 | D:6      | Noticed M4edhros's ghost (novice OpAr)
  5772 | D:6      | Killed M4edhros's ghost
  5930 | D:6      | Got a steaming scale mail
  5941 | D:6      | Identified the +0 scale mail "Nufekkebb" {Str+2} (You found it on level 6 of the Dungeon)
  6116 | D:6      | Reached * piety under Fedhas
  6149 | D:6      | Found a basalt altar of Yredelemnul.
  6151 | D:6      | Found Kaduuguf's Blasphemy Boutique.
  6156 | D:6      | Got a pitted rapier
  6157 | D:6      | Identified the +5 rapier "Baetz" {distort, rF++ Str+6} (You found it on level 6 of the Dungeon)
  6430 | D:6      | Reached skill level 1 in Armour
  6964 | D:6      | Cast into level 1 of the Abyss (a distortion unwield)
  7029 | Abyss:1  | Noticed an ancient zyme
  7131 | Abyss:2  | Noticed a large abomination
  7133 | D:6      | Escaped the Abyss
  7694 | D:7      | Reached skill level 12 in Bows
  7774 | D:7      | Found a staircase to the Ecumenical Temple.
  8004 | D:7      | Noticed Joseph
  8017 | D:7      | Killed Joseph
  8132 | D:7      | Found a runed door.
  8156 | D:7      | Reached XP level 10. HP: 69/69 MP: 14/14
  8287 | D:7      | Found a runed door.
  8697 | D:8      | Found a bloodstained altar of Trog.
  8969 | D:8      | Found an iron altar of Okawaru.
  8969 | D:8      | Found a sparkling altar of Nemelex Xobeh.
  9193 | D:9      | Killed from afar by a vampire

Skill      XL: |  1  2  3  4  5  6  7  8  9 |
---------------+----------------------------+-----
Bows           | 6 7 8 9 10 12 | 12.6
Dodging        | 3 4 5 6 7 |  7.7
Stealth        | 2 3 4 5 |  5.2
Fighting       | 3 4 5 6 |  6.8
Invocations    | 2 4 |  4.8
Armour         | 2 |  2.7

Action                   |  1- 3 |  4- 6 |  7- 9 | 10-12 || total
-------------------------+-------+-------+-------+-------++-------
Melee: Dagger            |       |    89 |    42 |       ||   131
       Short sword       |       |    18 |       |       ||    18
       Whip              |       |       |    14 |       ||    14
       Rapier            |       |       |    19 |       ||    19
       Shortbow          |       |       |     2 |     1 ||     3
       Quarterstaff      |       |       |     2 |       ||     2
 Fire: Shortbow          |    73 |    37 |   368 |   142 ||   620
Invok: Evolution         |       |       |     2 |       ||     2
  Use: Scroll            |       |       |    11 |     3 ||    14
       Potion            |       |       |     6 |     1 ||     7
 Stab: Sleeping          |       |     2 |     2 |       ||     4
  Eat: Chunk             |       |     6 |    12 |       ||    18
       Fruit             |       |       |     1 |       ||     1
       Bread ration      |       |       |     1 |     1 ||     2
       Beef jerky        |       |       |     1 |       ||     1
Armor: Ring mail         |    11 |    32 |    42 |       ||    85
       Leather armour    |     1 |       |       |       ||     1
       Scale mail        |       |       |    25 |    11 ||    36
Dodge: Dodged            |    12 |    51 |   115 |    12 ||   190
